 Dungeon Crawl Stone Soup version 0.28.0-43-g3370ac3207 (webtiles) character file.

Game seed: 7266279860376303859

2 SibleyIrresistible the Gusty (level 1, -1/10 HPs)
             Began as a Tengu Air Elementalist on Apr 2, 2022.
             Killed themself with a bounced zap (5 damage)
             ... on level 1 of the Dungeon.
             The game lasted 00:00:37 (47 turns).

SibleyIrresistible the Gusty (Tengu Air Elementalist) Turns: 47, Time: 00:00:39

Health: -1/10      AC:  2    Str:  8    XL:     1   Next: 40%
Magic:  0/4        EV: 12    Int: 15    God:
Gold:   0          SH:  0    Dex: 14    Spells: 3/4 levels left

rFire   . . .      SeeInvis .   (no weapon)
rCold   . . .      Faith    .   (no shield)
rNeg    . . .      Spirit   .   a - +0 robe
rPois   .          Reflect  .   (helmet restricted)
rElec   .          Harm     .   (no cloak)
rCorr   .          Rampage  .   (no gloves)
Will    .....                   (boots unavailable)
Stlth   ++........              (no amulet)
HPRegen 0.03/turn               (no ring)
MPRegen 0.09/turn               (no ring)

@: no status effects
A: beak, talons 3
a: no special abilities


You were on level 1 of the Dungeon.
You visited 1 branch of the dungeon, and saw 1 of its levels.

Inventory:

Armour
 a - a +0 robe (worn)


   Skills:
 - Level 2.1 Dodging
 - Level 2.0 Stealth
 - Level 2.0 Spellcasting
 - Level 1.3 Conjurations
 * Level 4.2 Air Magic


You had 3 spell levels left.
You knew the following spells:

 Your Spells              Type           Power      Damage    Failure   Level
a - Shock                 Conj/Air       36%        1d5       7%          1

Your spell library contained the following spells:

 Spells                   Type           Power      Damage    Failure   Level
 Static Discharge         Conj/Air       9%         N/A       11%         2
 Swiftness                Air            14%        N/A       12%         3
 Airstrike                Air            7%         N/A       36%         4


Dungeon Overview and Level Annotations

Branches:
Dungeon (1/15)

Altars:


Innate Abilities, Weirdness & Mutations

You have a beak for a mouth.
You have claws for feet.


Message History

The jackal is lightly wounded.
The jackal barks!
Casting: Shock (safe; 7% risk of failure)
Confirm with . or Enter, or press ? or * to list all spells.
Okay, then.
Casting: Shock (safe; 7% risk of failure)
Confirm with . or Enter, or press ? or * to list all spells.
Aiming: Shock (safe; 7% risk of failure)
Press: ? - help, Shift-Dir - straight line, f - jackal
Aim: a jackal (60% to hit)
The zap misses the jackal.
Casting: Shock (safe; 7% risk of failure)
Confirm with . or Enter, or press ? or * to list all spells.
Aiming: Shock (safe; 7% risk of failure)
Press: ? - help, Shift-Dir - straight line, f/p - jackal
Aim: a jackal (60% to hit)
The zap misses the jackal.
A jackal comes into view.
A goblin comes into view. It is wielding a +0 club.
The jackal barks!
You hit the jackal but do no damage. Your kick misses the jackal.
You peck the jackal, but do no damage. The jackal bites you. x2
The jackal barely misses you.
You barely miss the jackal. Your kick misses the jackal.
The jackal closely misses you. The jackal bites you. x2
You hit the jackal. You claw the jackal.
You kill the jackal!
The jackal bites you.
Casting: Shock (safe; 7% risk of failure)
Confirm with . or Enter, or press ? or * to list all spells.
Aiming: Shock (safe; 7% risk of failure)
Press: ? - help, Shift-Dir - straight line That beam is likely to hit you.
Continue anyway?
The zap hits the jackal.
The jackal is moderately wounded.
The zap hits the jackal.
The jackal is heavily wounded.
The zap hits you.
Ouch! That really hurt!
You die...

####...# #....#.#
#....#.# #...##∩##
#.###...### #.#...≈...#
# #######.#.8.≈.8.#
###. #....#..#...≈...#
....##@...#..#.♣.≈.♣.#
......h.......#...≈...#
.###.#.h......#.8.≈.8.#
# #........#...≈...#
#........#.♣.≈.♣.#
#........#...≈...#
.....?.......#.8.≈.8.#
.....#.......#...≈...#
...........(.###...###


You could see 2 jackals.

Vanquished Creatures
  2 jackals (D:1)
2 creatures vanquished.

Notes
Turn   | Place    | Note
-------+----------+-------------------------------------------
     0 | D:1      | SibleyIrresistible the Tengu Air Elementalist began the
                  | quest for the Orb.
     0 | D:1      | Reached XP level 1. HP: 10/10 MP: 4/4
    47 | D:1      | Killed themself with a bounced zap

Illustrated notes

Levels and vault maps discovered:
D:1:      mainiacjoe_arrival_reflecting_pool, layout_rooms,
          hellmonk_ecumenical_altar_run_dry

Action                   || total
-------------------------++-------
Melee: Unarmed           ||     3
       Kick              ||     1
       Peck              ||     1
 Cast: Shock             ||     4
Dodge: Dodged            ||     2
